 Dungeon Crawl Stone Soup version 0.30-a0-457-g4b7bca3bfa (webtiles) character file.

Game seed: 16587542036832131067

113 Adrian566 the Slasher (level 4, 0/34 HPs)
             Began as a Demonspawn Gladiator on Dec 12, 2022.
             Slain by a gnoll
             ... wielding a +0 halberd
              (6 damage)
             ... on level 4 of the Dungeon.
             The game lasted 00:03:14 (2865 turns).

Adrian566 the Slasher (Demonspawn Gladiator)        Turns: 2865, Time: 00:03:15

Health: 0/34       AC:  3    Str: 13 (16) XL:     4   Next: 65%
Magic:  4/4        EV: 16    Int:  7 (9)  God:
Gold:   156        SH:  0    Dex: 11 (14) Spells: 3/3 levels left

rFire   + . .      SeeInvis .    a - +0 long sword
rCold   . . .      Faith    .    (no shield)
rNeg    . . .      Spirit   .    b - +0 leather armour
rPois   .          Reflect  .    (helmet restricted)
rElec   .          Harm     .    (no cloak)
rCorr   .          Rampage  .    (no gloves)
Will    .....                    (no boots)
Stlth   +.........               q - amulet "Ejuocvos" {rF+ Regen+ Str+2 Dex-3}
HPRegen 1.05/turn                l - +4 ring of evasion
MPRegen 0.09/turn                (no ring)

@: no status effects
A: antennae 1
a: no special abilities


You were on level 4 of the Dungeon.
You visited 1 branch of the dungeon, and saw 4 of its levels.

You collected 156 gold pieces.

Inventory:

Hand Weapons
 a - a +0 long sword (weapon)
 m - a +0 quick blade
Missiles
 d - 3 throwing nets (quivered)
Armour
 b - a +0 leather armour (worn)
 c - a +0 helmet
Jewellery
 e - a ring of fire
 l - a +4 ring of evasion (left hand)
 q - the amulet "Ejuocvos" (around neck) {rF+ Regen+ Str+2 Dex-3}
   (You found it on level 3 of the Dungeon)

   [amulet of regeneration]

   Str:       It affects your strength (+2).
   Dex:       It affects your dexterity (-3).
   rF:        It protects you from fire.
   Regen:     It increases your rate of health regeneration.
 r - a ring of protection from fire
Scrolls
 f - a scroll of butterflies
 i - a scroll of teleportation
 k - a scroll of blinking
Potions
 h - a potion of magic
 n - 2 potions of lignification


   Skills:
 + Level 2.6 Fighting
 - Level 1.7(2.7) Short Blades
 * Level 3.2(3.5) Long Blades
 + Level 2.0 Throwing
 + Level 1.4 Armour
 + Level 3.1 Dodging
 + Level 0.4 Stealth


You had 3 spell levels left.
You didn't know any spells.
Your spell library was empty.

Dungeon Overview and Level Annotations

Branches:
Dungeon (4/15)
 Temple: D:4-7

Altars:

Shops:
D:1 ?

Annotations:
D:2 Sigmund


Innate Abilities, Weirdness & Mutations

You have a pair of small antennae on your head.


Message History

Done exploring.
Done exploring.
Done exploring.
Done exploring.
Done exploring.
You start waiting.
You feel less attractive to monsters.
You start waiting.
Done waiting.
You start waiting.
Done waiting.
You start waiting.
Done waiting.
You climb downwards.
There is a stone staircase leading up here.
The ice beast completely misses you.
You hit the ice beast.
The ice beast is moderately wounded.
The ice beast hits you but does no damage.
You closely miss the ice beast.
The ice beast is moderately wounded.
The ice beast hits you but does no damage.
The gnoll closely misses you.
You hit the ice beast.
The ice beast is moderately wounded.
The ice beast hits you. The ice beast freezes you! The gnoll misses you.
You hit the ice beast but do no damage.
The ice beast is moderately wounded.
The gnoll misses you. The ice beast closely misses you.
The gnoll barely misses you.
You hit the ice beast.
The ice beast is heavily wounded.
The gnoll barely misses you. The gnoll misses you.
The ice beast hits you but does no damage.
The ice beast hits you. The ice beast freezes you!
* * * LOW HITPOINT WARNING * * *
The gnoll hits you with a +0 club.
* * * LOW HITPOINT WARNING * * *
The gnoll hits you from afar with a +0 halberd.
You die...

#... #... #### #..#
....#..# ### #..#..# #..
....# ... #.Y# #.#
#.@#####.# #.g.g....#
#.<#####.## ###
#.######..# # # ..#
#.......g.###..###
#..#.##########.........
#gg§..g.{.....###....#
#.S#######.......# #..
#.. #.......#


You could see an ice beast and 2 gnolls.

Vanquished Creatures
  The ghost of porpoise the Sneak, an amateur SpEn of Hepliaklqana (D:3)
  A worm (D:2)
  2 dart slugs
  2 ball pythons (D:3)
  4 endoplasms
  A giant cockroach (D:3)
  7 goblins
  3 hobgoblins
  7 jackals
  4 kobolds
  A quokka (D:1)
  3 ball python simulacra (D:3)
  2 frilled lizards (D:3)
  A quokka simulacrum (D:3)
  A rat (D:1)
40 creatures vanquished.

Notes
Turn   | Place    | Note
-------+----------+-------------------------------------------
     0 | D:1      | Adrian566 the Demonspawn Gladiator began the quest for the
                  | Orb.
     0 | D:1      | Reached XP level 1. HP: 16/16 MP: 1/1
    17 | D:1      | Found Warygh's Magic Scroll Boutique.
   267 | D:1      | Gained mutation: You have a pair of small antennae on your
                  | head. [demonic ancestry]
   267 | D:1      | Reached XP level 2. HP: 22/22 MP: 2/2
   324 | D:1      | You fall into a shaft and drop 1 floor!
   746 | D:2      | Noticed Sigmund
  1266 | D:3      | Found a runed translucent gate.
  1266 | D:3      | Found a runed translucent gate.
  1266 | D:3      | Found a runed translucent gate.
  1294 | D:3      | Reached XP level 3. HP: 23/27 MP: 3/3
  1963 | D:3      | Reached skill level 1 in Armour
  1985 | D:3      | Identified the amulet "Ejuocvos" {rF+ Regen+ Str+2 Dex-3}
  2036 | D:3      | Noticed porpoise's ghost (amateur SpEn)
  2259 | D:3      | Killed porpoise's ghost
  2260 | D:3      | Reached skill level 1 in Short Blades
  2260 | D:3      | Reached XP level 4. HP: 13/34 MP: 4/4
  2858 | D:4      | Noticed an ice beast
  2865 | D:4      | Slain by a gnoll

Illustrated notes

Levels and vault maps discovered:
D:1:      lightli_arrival_chessboard, layout_basic, serial_shops,
          nicolae_shop_trees, minmay_strange_pillars, minmay_misc_feat_hallway
D:2:      layout_basic, minmay_tromino_v2, uniq_sigmund
D:3:      minmay_spotlight, layout_loops_ring, gammafunk_ghost_icy
D:4:      layout_basic, marbit_many_paths, old_standard_altar, uniq_menkaure

Skill      XL: |  1  2  3 |
---------------+----------+-----
Long Blades    | 3 |  3.2
Armour         | 1 |  1.4
Short Blades   | 1 |  1.7
Throwing       | 2 |  2.0
Dodging        | 3 |  3.1
Fighting       | |  2.6
Stealth        | |  0.4

Action                   |  1- 3 |  4- 6 || total
-------------------------+-------+-------++-------
Melee: Long sword        |    84 |     5 ||    89
       Quick blade       |   144 |     9 ||   153
       Punch             |     3 |       ||     3
Throw: Throwing net      |     3 |       ||     3
       Javelin           |     1 |       ||     1
  Use: Scroll            |     4 |     5 ||     9
       Potion            |     3 |     2 ||     5
Armor: Leather armour    |    36 |     3 ||    39
Dodge: Dodged            |   125 |    14 ||   139

Table legend: (Time is in decaauts)
 A = Elapsed time spent in this place.
 B = Non-inter-level travel time spent in this place.
 C = Inter-level travel time spent in this place.
 D = Time resting spent in this place.
 E = Time spent auto-exploring this place.
 F = Levels seen in this place.
 G = Mean time per level.
                   A        B        C        D        E       F      G
               +--------+--------+--------+--------+--------+-----+--------+
         Total |   2825 |   2631 |    194 |    461 |   1712 |   4 |  706.2 |
       Dungeon |   2825 |   2631 |    194 |    461 |   1712 |   4 |  706.2 |
               +--------+--------+--------+--------+--------+-----+--------+

Top non-repeatable levels by time:
     D:3: 1513 daAuts
     D:1: 709 daAuts
     D:2: 541 daAuts
     D:4: 60 daAuts
